[Event "Titled Tuesday Blitz February 28 Late 2023"]
[White "Zampronha, Wladimir Camilo"]
[Black "Perez Ponsa, Federico"]
[WhiteFideId "2103087"]
[BlackFideId "117927"]
[WhiteElo "2176"]
[BlackElo "2592"]
[Result "0-1"]
[Round "03"]
[TimeControl "180+2"]
[Date "2023.02.28"]
[WhiteClock "0:02:04"]
[BlackClock "0:01:57"]

1. e4 c5 2. Nf3 d6 3. d4 cxd4 4. Nxd4 Nf6 5. Nc3 a6 6. Bg5 Nbd7 7. f4 Qa5 8. Qd2 e6 9. Nb3 Qc7 10. O-O-O b5 11. Bd3 Bb7 12. Rhe1 Be7 13. Bxf6 Nxf6 14. e5 dxe5 15. fxe5 Nd5 16. Nxd5 Bxd5 17. Be4 Rd8 18. Qa5 Qxa5 19. Nxa5 Bxe4 20. Rxe4 Bg5+ 0-1


[Site "https://www.chess.com"]

[Event "Titled Tuesday Blitz February 28 Late 2023"]
[White "Kravtsiv, Martyn"]
[Black "Fajdetic, Hrvoje"]
[WhiteFideId "14113147"]
[BlackFideId "14501945"]
[WhiteElo "2695"]
[BlackElo "2185"]
[Result "1-0"]
[Round "03"]
[TimeControl "180+2"]
[Date "2023.02.28"]
[WhiteClock "0:01:31"]
[BlackClock "0:00:04"]

1. e4 e6 2. d3 c5 3. g3 Nc6 4. Bg2 d6 5. f4 e5 6. Nc3 g6 7. h4 h5 8. Be3 Nd4 9. Qd2 Bg4 10. Nd5 Nf6 11. Nxf6+ Qxf6 12. c3 Ne6 13. Ne2 Bh6 14. fxe5 Bxe3 15. exf6 Bxd2+ 16. Kxd2 g5 17. Raf1 O-O-O 18. Bh3 Bxh3 19. Rxh3 g4 20. Rhh1 Rh6 21. Rf5 Rg8 22. Rhf1 Kd7 23. Ke3 Rgg6 24. d4 cxd4+ 25. cxd4 Nc7 26. Nf4 Rxf6 27. Nxh5 Rxf5 28. Rxf5 Ke7 29. Nf4 Rh8 30. Rg5 Rc8 31. Rxg4 Ne6 32. Nxe6 Kxe6 33. h5 Rc2 34. h6 Rc8 35. Rh4 Rh8 36. Kf4 Kf6 37. h7 Kg7 38. Kf5 Rxh7 39. Rxh7+ Kxh7 40. Kf6 Kg8 41. Ke7 d5 42. exd5 f5 43. d6 f4 44. gxf4 1-0


[Site "https://www.chess.com"]

[Event "Titled Tuesday Blitz February 28 Late 2023"]
[White "Yu, Yangyi"]
[Black "Erdogdu, Mert"]
[WhiteFideId "8603820"]
[BlackFideId "6301495"]
[WhiteElo "2783"]
[BlackElo "2407"]
[Result "1-0"]
[Round "03"]
[TimeControl "180+2"]
[Date "2023.02.28"]
[WhiteClock "0:00:50"]
[BlackClock "0:00:09"]

1. Nf3 d5 2. g3 e6 3. Bg2 c5 4. c4 Nf6 5. O-O Nc6 6. d4 Be7 7. Nc3 O-O 8. dxc5 Bxc5 9. Bg5 d4 10. Bxf6 Qxf6 11. Ne4 Qe7 12. a3 a5 13. Rc1 e5 14. Qa4 Bd7 15. Nxc5 Qxc5 16. Qb5 b6 17. Ne1 Qd6 18. Nd3 Rab8 19. c5 bxc5 20. Qxc5 Qxc5 21. Rxc5 Rb6 22. Rfc1 Ne7 23. Rxe5 Ng6 24. Rxa5 h6 25. b4 Re8 26. Bf3 Bh3 27. a4 Nh4 28. gxh4 Rxe2 29. Nf4 Rc6 30. Bxc6 1-0


[Site "https://www.chess.com"]

[Event "Titled Tuesday Blitz February 28 Late 2023"]
[White "Caruana, Fabiano"]
[Black "Barbosa, Evandro Amorim"]
[WhiteFideId "2020009"]
[BlackFideId "2115824"]
[WhiteElo "2818"]
[BlackElo "2439"]
[Result "1-0"]
[Round "03"]
[TimeControl "180+2"]
[Date "2023.02.28"]
[WhiteClock "0:01:05"]
[BlackClock "0:00:02"]

1. b3 d5 2. Bb2 c5 3. e3 a6 4. f4 Nc6 5. Nf3 Nf6 6. g3 g6 7. Bg2 Bg7 8. O-O O-O 9. Qe1 d4 10. e4 e5 11. d3 Ng4 12. Bc1 Ne3 13. Bxe3 dxe3 14. f5 gxf5 15. Qxe3 fxe4 16. dxe4 Nd4 17. Rf2 f5 18. Nc3 f4 19. Qd3 fxg3 20. hxg3 Bg4 21. Nd5 Bxf3 22. Bxf3 Qg5 23. Kg2 Nxf3 24. Rxf3 Rxf3 25. Qxf3 Rf8 26. Qe2 b5 27. Rh1 c4 28. bxc4 bxc4 29. Rh5 Qc1 30. Ne7+ Kf7 31. Nf5 Rd8 32. Qxc4+ Kg6 33. Nh4+ Kxh5 34. Qf7+ 1-0


[Site "https://www.chess.com"]

[Event "Titled Tuesday Blitz February 28 Late 2023"]
[White "Paravyan, David"]
[Black "Sieciechowicz, Marcin"]
[WhiteFideId "4194985"]
[BlackFideId "1130170"]
[WhiteElo "2577"]
[BlackElo "2302"]
[Result "1-0"]
[Round "03"]
[TimeControl "180+2"]
[Date "2023.02.28"]
[WhiteClock "0:01:38"]
[BlackClock "0:00:07"]

1. e4 e5 2. Nf3 Nc6 3. Bb5 Nf6 4. O-O Nxe4 5. d4 Nd6 6. Bxc6 dxc6 7. dxe5 Nf5 8. Qxd8+ Kxd8 9. Nc3 Be7 10. h3 h5 11. Ne2 h4 12. Rd1+ Ke8 13. Bg5 Bxg5 14. Nxg5 Rh5 15. Nf3 Be6 16. Nf4 Rh6 17. Ng5 Ke7 18. Rd2 Re8 19. Nfxe6 Rxe6 20. Nxe6 Kxe6 21. Rad1 Re7 22. Rd8 c5 23. c3 b6 24. f4 a5 25. Kf2 f6 26. Re1 Kf7 27. exf6 gxf6 28. Rxe7+ Kxe7 29. Rh8 Ke6 30. Kf3 c4 31. Rh7 c6 32. a4 Kd6 33. Rh5 Ke6 34. Rh8 Kd5 35. Re8 b5 36. Ra8 Kc5 37. axb5 cxb5 38. Rxa5 1-0


[Site "https://www.chess.com"]

[Event "Titled Tuesday Blitz February 28 Late 2023"]
[White "Deac, Bogdan-Daniel"]
[Black "Martynov, Pavel"]
[WhiteFideId "1226380"]
[BlackFideId "4101260"]
[WhiteElo "2649"]
[BlackElo "2314"]
[Result "1-0"]
[Round "03"]
[TimeControl "180+2"]
[Date "2023.02.28"]
[WhiteClock "0:01:23"]
[BlackClock "0:00:24"]

1. b3 e6 2. Bb2 d5 3. Nf3 c5 4. e3 Nc6 5. Bb5 Bd7 6. O-O Nf6 7. d3 Bd6 8. Bxc6 Bxc6 9. Ne5 Rc8 10. f4 O-O 11. Nd2 Nd7 12. Nxc6 Rxc6 13. Qg4 Nf6 14. Qg3 Qe7 15. c4 Ne8 16. Qf3 Nc7 17. e4 dxe4 18. dxe4 e5 19. f5 Ne8 20. Nb1 Nf6 21. Bc1 b5 22. cxb5 Rb6 23. Nc3 h6 24. g4 c4 25. g5 hxg5 26. Bxg5 cxb3 27. Nd5 Nxd5 28. Bxe7 Nxe7 29. Qxb3 Rfb8 30. a4 Bc5+ 31. Kh1 a6 32. Rac1 Bd4 33. Rc7 R6b7 34. Rxb7 Rxb7 35. f6 gxf6 36. Rxf6 1-0


[Site "https://www.chess.com"]

[Event "Titled Tuesday Blitz February 28 Late 2023"]
[White "Zhu, Jiner"]
[Black "Durarbayli, Vasif"]
[WhiteFideId "8608059"]
[BlackFideId "13402935"]
[WhiteElo "2384"]
[BlackElo "2543"]
[Result "0-1"]
[Round "03"]
[TimeControl "180+2"]
[Date "2023.02.28"]
[WhiteClock "0:00:02"]
[BlackClock "0:00:10"]

1. e4 c5 2. Nf3 d6 3. Bb5+ Nd7 4. d4 cxd4 5. Qxd4 a6 6. Bxd7+ Bxd7 7. Nc3 e5 8. Qd3 Rc8 9. O-O h6 10. Rd1 Nf6 11. a4 Be7 12. Nd2 Bg4 13. Re1 Be6 14. Nf1 Rc4 15. b3 Rd4 16. Qe2 Qc7 17. Bb2 O-O 18. f3 Nh5 19. Ne3 Nf4 20. Qf2 Rc8 21. Ncd5 Bxd5 22. Nxd5 Rxd5 23. exd5 Qxc2 24. Qxc2 Rxc2 25. Bc1 Nxg2 26. Rf1 Bd8 27. a5 Nh4 28. Ba3 Rd2 29. Bxd6 Rxd5 30. Bb4 Bg5 31. Rad1 Nxf3+ 32. Kh1 Nd4 33. Rd3 Rb5 34. Be1 Nc6 0-1


[Site "https://www.chess.com"]

[Event "Titled Tuesday Blitz February 28 Late 2023"]
[White "Norowitz, Yaacov"]
[Black "Trent, Lawrence"]
[WhiteFideId "2024799"]
[BlackFideId "408638"]
[WhiteElo "2401"]
[BlackElo "2458"]
[Result "1-0"]
[Round "03"]
[TimeControl "180+2"]
[Date "2023.02.28"]
[WhiteClock "0:01:20"]
[BlackClock "0:01:57"]

1. d4 Nf6 2. e3 g6 3. Nf3 Bg7 4. Be2 O-O 5. O-O c5 6. b3 b6 7. Bb2 Bb7 8. c4 e6 9. Nc3 Qe7 10. Qd2 Ne4 11. Nxe4 Bxe4 12. Rad1 d6 13. Qc1 Nd7 14. Qa1 Rfd8 15. Rd2 cxd4 16. Bxd4 Bxd4 17. Qxd4 Nc5 18. Rfd1 e5 19. Qb2 a5 20. h3 Bc6 21. Ne1 f5 22. Bf3 e4 23. Be2 g5 24. Nc2 f4 25. Nd4 Bd7 26. Bf1 h5 27. Ne2 f3 28. Ng3 Be8 29. Nf5 Qf8 30. Nxd6 Bc6 31. Qe5 Qg7 32. Qxg7+ Kxg7 33. Nf5+ Kf6 34. Rxd8 1-0


[Site "https://www.chess.com"]

[Event "Titled Tuesday Blitz February 28 Late 2023"]
[White "Li, Ruifeng"]
[Black "Gerzhoy, Leonid"]
[WhiteFideId "2061074"]
[BlackFideId "2806126"]
[WhiteElo "2441"]
[BlackElo "2629"]
[Result "1-0"]
[Round "03"]
[TimeControl "180+2"]
[Date "2023.02.28"]
[WhiteClock "0:00:08"]
[BlackClock "0:00:20"]

1. b3 d5 2. Bb2 Bg4 3. f3 Bh5 4. Nh3 c6 5. Nf4 Bg6 6. e3 Nd7 7. d4 e6 8. h4 h5 9. Nxg6 fxg6 10. Nc3 Bd6 11. Rh3 Ne7 12. Qd2 Qc7 13. O-O-O O-O-O 14. Kb1 e5 15. dxe5 Bxe5 16. Bd3 Nc5 17. Ne2 Bxb2 18. Kxb2 Nxd3+ 19. Qxd3 Nf5 20. Nd4 Qe5 21. f4 Qf6 22. Qc3 Rhe8 23. Nxf5 Qxc3+ 24. Kxc3 gxf5 25. Rg3 Re7 26. Rd3 Rd6 27. Kd2 g6 28. c4 Red7 29. cxd5 Rxd5 30. Rxd5 Rxd5+ 31. Ke2 Rd6 32. Rg5 Kd7 33. e4 fxe4 34. Ke3 Ke7 35. Kxe4 Re6+ 36. Kf3 Kf7 37. f5 gxf5 38. Rxf5+ Rf6 39. Kf4 Rxf5+ 40. Kxf5 c5 41. g4 hxg4 42. Kxg4 b5 43. Kf5 c4 44. bxc4 bxc4 45. Ke4 Kg6 46. Kd4 Kh5 47. Kxc4 Kxh4 48. Kb5 Kg5 49. Ka6 Kf6 50. Kxa7 Ke7 51. Kb7 Kd6 52. a4 1-0


[Site "https://www.chess.com"]

[Event "Titled Tuesday Blitz February 28 Late 2023"]
[White "Aldokhin, Ivan"]
[Black "Gokerkan, Cem Kaan"]
[WhiteFideId "24115720"]
[BlackFideId "6336760"]
[WhiteElo "2322"]
[BlackElo "2365"]
[Result "1/2-1/2"]
[Round "03"]
[TimeControl "180+2"]
[Date "2023.02.28"]
[WhiteClock "0:00:44"]
[BlackClock "0:00:07"]

1. e4 c5 2. Nf3 g6 3. d4 cxd4 4. Nxd4 Bg7 5. Nc3 Nc6 6. Be3 Nf6 7. Bc4 O-O 8. Bb3 d5 9. exd5 Na5 10. O-O Nxb3 11. Nxb3 b6 12. Qd2 Bb7 13. Rad1 Qd7 14. Bg5 Rfd8 15. Bxf6 Bxf6 16. Ne4 Bxb2 17. c3 Qxd5 18. Qxb2 Qxe4 19. f3 Qe3+ 20. Kh1 Rxd1 21. Rxd1 Bxf3 22. Qd2 Qxd2 23. Rxd2 Bc6 24. Nd4 Rd8 25. Re2 Bd5 26. Rxe7 a5 27. a3 Rc8 28. Re3 Rc4 29. h4 Ra4 30. Re5 Bc4 31. h5 Kg7 32. g4 Rxa3 33. g5 h6 34. hxg6 Kxg6 35. gxh6 Kxh6 36. Rf5 Kg6 37. Rf2 Rxc3 38. Rb2 b5 39. Nxb5 Bxb5 40. Rxb5 a4 41. Ra5 a3 42. Kg2 f5 43. Kf2 Kg5 44. Ra4 Rb3 45. Kg2 Rb2+ 46. Kf3 a2 47. Ra6 Rc2 48. Kg3 Rd2 49. Kf3 Rh2 50. Kg3 Rb2 51. Kf3 Rc2 52. Kg3 f4+ 53. Kf3 Rc3+ 54. Kf2 Rh3 55. Kg2 Rg3+ 56. Kf2 Rh3 57. Kg2 Kg4 58. Rg6+ Kf5 59. Ra6 Rg3+ 60. Kf2 Rh3 61. Kg2 Rg3+ 62. Kf2 Kg4 63. Rg6+ Kh4 64. Rh6+ Kg5 65. Ra6 Kg4 66. Rg6+ Kh3 67. Rh6+ Kg4 68. Rg6+ 1/2-1/2


[Site "https://www.chess.com"]

[Event "Titled Tuesday Blitz February 28 Late 2023"]
[White "Alexakis, Dimitris"]
[Black "Ismagilov, Damir"]
[WhiteFideId "4277023"]
[BlackFideId "34199982"]
[WhiteElo "2493"]
[BlackElo "2078"]
[Result "1-0"]
[Round "03"]
[TimeControl "180+2"]
[Date "2023.02.28"]
[WhiteClock "0:00:25"]
[BlackClock "0:00:46"]

1. Nf3 f5 2. g3 Nf6 3. Bg2 d6 4. d4 g6 5. O-O Bg7 6. Nc3 O-O 7. d5 c6 8. Nd4 c5 9. Ne6 Bxe6 10. dxe6 Nc6 11. Nd5 Qc8 12. c4 Rb8 13. Bg5 Kh8 14. Nf4 Nd4 15. Bd5 b5 16. e3 Nc6 17. b3 Ne5 18. h4 h6 19. Bxf6 Bxf6 20. Rb1 Kg7 21. Kg2 Rh8 22. Qc2 g5 23. Nh5+ Kg6 24. g4 Nxg4 25. Ng3 gxh4 26. Qxf5+ Kg7 27. Qxg4+ Kf8 28. Qg6 Qe8 29. Qxe8+ Kxe8 30. Nh5 Rg8+ 31. Kh3 Be5 32. f4 Bc3 33. cxb5 Kd8 34. Rg1 Kc7 35. a4 Bd2 36. e4 Rbf8 37. f5 Kb6 38. f6 Rxg1 39. Rxg1 Bg5 40. f7 c4 41. bxc4 Kc5 42. Nf4 Bxf4 43. Rg8 1-0


[Site "https://www.chess.com"]

[Event "Titled Tuesday Blitz February 28 Late 2023"]
[White "Real_OceanStorm"]
[Black "Florescu, Codrut-Constantin"]
[BlackFideId "1202200"]
[WhiteElo "2770"]
[BlackElo "2191"]
[Result "1-0"]
[Round "03"]
[TimeControl "180+2"]
[Date "2023.02.28"]
[WhiteClock "0:02:04"]
[BlackClock "0:00:09"]

1. b3 d5 2. Bb2 Bf5 3. h4 h5 4. e3 e6 5. f3 Nf6 6. Ne2 Nbd7 7. d3 c5 8. e4 Bh7 9. Kf2 Qc7 10. Nd2 Bd6 11. g3 O-O-O 12. a4 Rhg8 13. a5 g5 14. hxg5 Rxg5 15. f4 Rgg8 16. e5 Ng4+ 17. Kg1 Be7 18. Nf3 Ne3 19. Qd2 d4 20. Bg2 Nxg2 21. Kxg2 Bf5 22. b4 f6 23. exf6 Bxf6 24. b5 Qd6 25. a6 b6 26. Kf2 Bg4 27. Rhg1 e5 28. Nh2 Bxe2 29. Qxe2 exf4 30. Qf3 fxg3+ 31. Rxg3 Qxg3+ 32. Qxg3 Rxg3 33. Kxg3 Be5+ 34. Kg2 Bxh2 35. Kxh2 Re8 36. Kg3 Re2 37. Bc1 Rxc2 38. Bf4 Rb2 39. Re1 Nf6 40. Re6 Nd5 41. Rc6+ Kd7 42. Rd6+ Ke7 43. Rxd5 Rxb5 44. Rxh5 Ra5 45. Rh7+ Ke6 46. Rxa7 Ra3 47. Kf3 Rxd3+ 48. Ke4 Ra3 49. Ra8 Kf7 50. a7 Kg7 51. Kd5 d3 52. Kc4 Kh7 53. Kb5 Rb3+ 54. Kc6 Ra3 55. Kxb6 c4 56. Rc8 c3 57. Rxc3 1-0


[Site "https://www.chess.com"]

[Event "Titled Tuesday Blitz February 28 Late 2023"]
[White "Manukyan, Sargis V."]
[Black "Quispe Arteaga, Gabriel"]
[WhiteFideId "13303465"]
[BlackFideId "32059809"]
[WhiteElo "2236"]
[BlackElo "2274"]
[Result "0-1"]
[Round "03"]
[TimeControl "180+2"]
[Date "2023.02.28"]
[WhiteClock "0:00:04"]
[BlackClock "0:00:03"]

1. Nf3 Nf6 2. g3 b5 3. Bg2 Bb7 4. O-O e6 5. d4 c5 6. Na3 a6 7. c4 bxc4 8. Nxc4 cxd4 9. Qxd4 Nc6 10. Qf4 d5 11. Nce5 Bd6 12. Nxc6 Bxc6 13. Qh4 O-O 14. Bg5 h6 15. Be3 e5 16. Rac1 Bb7 17. Bc5 Bxc5 18. Rxc5 Qb6 19. Rc2 e4 20. Ne5 Qe6 21. f4 exf3 22. Nxf3 Qe3+ 23. Kh1 Ne4 24. g4 Rac8 25. Rxc8 Rxc8 26. Ne5 Nd2 27. Qe7 Nxf1 28. Qxf7+ Kh8 29. Ng6+ Kh7 30. Nf8+ Rxf8 31. Qxf8 Qxe2 32. Qf5+ Kg8 33. Bxf1 d4+ 34. Kg1 Qe3+ 35. Qf2 Qe4 36. Bc4+ Bd5 37. Bxd5+ Qxd5 38. Qf5 Qd6 39. Qd3 Qf4 40. h3 Qc1+ 41. Qf1 Qxb2 42. Qc4+ Kf8 43. Qc5+ Kf7 44. Qc4+ Ke7 45. Qc5+ Ke6 46. Qc4+ Ke5 47. a4 Qb1+ 48. Kh2 Qb2+ 49. Kh1 Qc3 50. Qf7 Qxh3+ 51. Kg1 Qxg4+ 52. Kh1 Qh3+ 53. Kg1 Qe3+ 54. Kh1 Qe4+ 55. Kg1 d3 56. Qxg7+ Kd5 57. Qb7+ Kd4 58. Qb6+ Kc3 59. Qc5+ Kd2 60. Qa5+ Ke2 61. Qh5+ Qf3 62. Qh2+ Ke1 63. Qxh6 Qg4+ 64. Kh1 Qe4+ 65. Kg1 d2 0-1


[Site "https://www.chess.com"]

[Event "Titled Tuesday Blitz February 28 Late 2023"]
[White "Fernandez Guillen, Ernesto J."]
[Black "Arencibia Monduy, Antonio"]
[WhiteFideId "3512428"]
[BlackFideId "3507939"]
[WhiteElo "2423"]
[BlackElo "2540"]
[Result "0-1"]
[Round "03"]
[TimeControl "180+2"]
[Date "2023.02.28"]
[WhiteClock "0:00:11"]
[BlackClock "0:00:12"]

1. e4 e6 2. d4 d5 3. Nd2 dxe4 4. Nxe4 Nd7 5. Nf3 Ngf6 6. Ng3 Be7 7. c3 O-O 8. Bd3 b6 9. Be3 Bb7 10. Qc2 c5 11. O-O-O Qc7 12. h4 cxd4 13. Nxd4 Nc5 14. Be2 Rfd8 15. Bf3 Bxf3 16. gxf3 Rac8 17. Rhg1 Kh8 18. h5 h6 19. Ne4 Nfxe4 20. fxe4 Bf6 21. f3 a6 22. Kb1 b5 23. Qg2 Na4 24. f4 e5 25. fxe5 Qxe5 26. Rdf1 Nc5 27. Ka1 Qxe4 28. Qf2 Ne6 29. Nxe6 Qxe6 30. Bxh6 b4 31. Bg5 Bxg5 32. Rxg5 bxc3 33. h6 cxb2+ 34. Qxb2 Qxh6 35. Rgg1 Rb8 36. Qe5 Kg8 37. Rh1 Qd6 38. Qe3 Qd4+ 39. Qxd4 Rxd4 40. Rf2 Rbd8 41. Rhf1 Rd1+ 42. Kb2 Rxf1 43. Rxf1 Rd6 44. Kb3 g5 45. Rg1 f6 46. Kc4 Kg7 47. Kc5 Re6 48. Rb1 Kg6 49. a4 g4 50. Rb4 f5 51. Rb8 Kg5 52. Kd5 Rg6 53. a5 g3 54. Ke5 f4 55. Ke4 Kg4 56. Rf8 g2 57. Rxf4+ Kg3 58. Rf3+ Kh2 0-1


[Site "https://www.chess.com"]

[Event "Titled Tuesday Blitz February 28 Late 2023"]
[White "Garcia Ramos, Daniel"]
[Black "Benaddi, Mouhcine"]
[WhiteFideId "32010311"]
[BlackFideId "9001050"]
[WhiteElo "2341"]
[BlackElo "2036"]
[Result "1-0"]
[Round "03"]
[TimeControl "180+2"]
[Date "2023.02.28"]
[WhiteClock "0:01:07"]
[BlackClock "0:00:56"]

1. e4 c6 2. d4 d5 3. Nc3 dxe4 4. Nxe4 Bf5 5. Ng3 Bg6 6. N1e2 e6 7. h4 h6 8. Nf4 Bh7 9. Bc4 Nf6 10. c3 Nd5 11. Qf3 Nd7 12. Bd3 Nxf4 13. Bxf4 Bxd3 14. Qxd3 Nf6 15. Be5 Ng4 16. Qe4 Nxe5 17. Qxe5 Qd6 18. Ne4 Qxe5 19. dxe5 O-O-O 20. Ke2 Rd5 21. f4 Be7 22. Rad1 Rhd8 23. h5 Rxd1 24. Rxd1 Rxd1 25. Kxd1 c5 26. c4 Kc7 27. Ke2 Kc6 28. Kd3 b5 29. g4 a5 30. f5 a4 31. f6 gxf6 32. exf6 Bf8 33. g5 e5 34. g6 fxg6 35. hxg6 Kd7 36. g7 1-0


[Site "https://www.chess.com"]

[Event "Titled Tuesday Blitz February 28 Late 2023"]
[White "Costachi, Mihnea"]
[Black "Aung Thant Zin"]
[WhiteFideId "1217518"]
[BlackFideId "13000063"]
[WhiteElo "2456"]
[BlackElo "2278"]
[Result "1-0"]
[Round "03"]
[TimeControl "180+2"]
[Date "2023.02.28"]
[WhiteClock "0:01:00"]
[BlackClock "0:00:17"]

1. e4 c5 2. Nf3 Nc6 3. Nc3 d6 4. d4 cxd4 5. Nxd4 Nf6 6. Be2 e5 7. Nb3 Be7 8. O-O O-O 9. Be3 Be6 10. Nd5 Nxe4 11. Bf3 Bxd5 12. Qxd5 Nf6 13. Qb5 Qc7 14. Rad1 Rfd8 15. Bg5 a6 16. Qe2 h6 17. Bxf6 Bxf6 18. c3 Ne7 19. Bd5 Rac8 20. Rd3 b5 21. Rfd1 Ng6 22. g3 Be7 23. Qh5 Nh8 24. Rf3 Bf8 25. Nd2 Qe7 26. Ne4 Rc7 27. g4 g6 28. Qh3 Bg7 29. Kh1 g5 30. Ng3 Ng6 31. Rxf7 Qxf7 32. Bxf7+ Rxf7 33. Nf5 Nf4 34. Qe3 Bf8 35. Qb6 Rf6 36. Qxd8 1-0


[Site "https://www.chess.com"]

[Event "Titled Tuesday Blitz February 28 Late 2023"]
[White "Pranav, V"]
[Black "Lucassen, Mickey"]
[WhiteFideId "25060783"]
[BlackFideId "12919110"]
[WhiteElo "2500"]
[BlackElo "2358"]
[Result "1-0"]
[Round "03"]
[TimeControl "180+2"]
[Date "2023.02.28"]
[WhiteClock "0:00:23"]
[BlackClock "0:00:03"]

1. e4 c5 2. Nf3 d6 3. d4 cxd4 4. Nxd4 Nf6 5. Nc3 a6 6. Be3 e5 7. Nb3 Be7 8. h3 Be6 9. Qf3 h5 10. O-O-O Qc7 11. Nd5 Bxd5 12. exd5 Nbd7 13. Bd3 Nb6 14. Bd4 exd4 15. Nxd4 O-O-O 16. Rhe1 g6 17. Kb1 Rde8 18. c4 Kb8 19. Rc1 Nbd7 20. Qd1 Ne5 21. Bf1 Qc5 22. f4 Ned7 23. Qd2 Bd8 24. b4 Qc7 25. Red1 Ne4 26. Qb2 Bf6 27. c5 dxc5 28. bxc5 Ndxc5 29. Bxa6 Ka8 30. Bb5 Rd8 31. Bc4 Qa5 32. a3 Rd6 33. Qb4 Rb6 34. Nb5 Qxb4+ 35. axb4 Na4 36. Kc2 Rc8 37. Kb3 Nac3 38. Nxc3 Nxc3 39. Rxc3 Bxc3 40. Kxc3 Rd6 41. Kd4 Kb8 42. Re1 Rcd8 43. g4 b5 44. Bb3 R8d7 45. g5 Kc7 46. Rc1+ Kb6 47. Rc8 Rc7 48. Rb8+ Rb7 49. Re8 Rc7 50. h4 Rcd7 51. Ke5 Kc7 52. Kd4 Rd8 53. Re1 R8d7 54. Ra1 Kb7 55. Rc1 Rc7 56. Rc5 Kb6 57. Bc2 Rdd7 58. Bd3 Rxc5 59. bxc5+ Ka5 60. d6 Kb4 61. Kd5 Kc3 62. Bxb5 Rb7 63. d7 1-0


[Site "https://www.chess.com"]

[Event "Titled Tuesday Blitz February 28 Late 2023"]
[White "Bortnyk, Mykola"]
[Black "Ehlvest, Jaan"]
[WhiteFideId "14120836"]
[BlackFideId "4500016"]
[WhiteElo "2582"]
[BlackElo "2442"]
[Result "1-0"]
[Round "03"]
[TimeControl "180+2"]
[Date "2023.02.28"]
[WhiteClock "0:00:03"]
[BlackClock "0:00:02"]

1. e4 c5 2. c3 d5 3. exd5 Nf6 4. Nf3 Nxd5 5. d4 cxd4 6. Bc4 Nc6 7. Nxd4 e6 8. O-O Bc5 9. Nxc6 bxc6 10. Nd2 O-O 11. Ne4 Bb6 12. Qf3 e5 13. Bg5 f6 14. Bh4 Kh8 15. Rad1 Bb7 16. Qf5 Qe7 17. Bd3 Bc8 18. Qf3 Be6 19. Bc2 Rad8 20. h3 Nf4 21. Bg3 Ng6 22. Nd2 Bd5 23. Qh5 Bf7 24. Qe2 Bd5 25. Kh1 f5 26. f3 Qf6 27. Rfe1 Rde8 28. Nc4 Bc7 29. Bh2 h6 30. Ne3 Be6 31. Qa6 Bb6 32. Qd3 Nh4 33. Nc4 Bxc4 34. Qxc4 Qg5 35. Qf1 e4 36. f4 Qf6 37. Bg3 Ng6 38. Bb3 Rd8 39. a4 a5 40. Bc4 Bc7 41. Rc1 Rd7 42. b4 Rfd8 43. b5 c5 44. Bh2 Rd2 45. Rb1 Qxc3 46. b6 Bb8 47. Rec1 Qd4 48. Bf7 Nh4 49. Bh5 Nxg2 50. Rd1 Ne3 51. Rxd2 Qxd2 52. Qg1 Nc2 53. Rd1 e3 54. Rxd2 exd2 55. Bd1 Nd4 56. b7 c4 57. Qe3 1-0


[Site "https://www.chess.com"]

[Event "Titled Tuesday Blitz February 28 Late 2023"]
[White "Koc, Przemyslaw"]
[Black "Keymer, Vincent"]
[WhiteFideId "1109081"]
[BlackFideId "12940690"]
[WhiteElo "2161"]
[BlackElo "2651"]
[Result "0-1"]
[Round "03"]
[TimeControl "180+2"]
[Date "2023.02.28"]
[WhiteClock "0:01:51"]
[BlackClock "0:01:52"]

1. Nf3 d5 2. d4 c6 3. e3 Bf5 4. Bd3 Bg6 5. O-O e6 6. b3 Nd7 7. Bb2 Bd6 8. c4 f5 9. Ne5 Ngf6 10. f4 Bh5 11. Qe1 O-O 12. Nxd7 Qxd7 13. Ba3 Rac8 14. Bxd6 Qxd6 15. c5 Qe7 16. b4 h6 17. Qh4 Kh8 18. Nd2 Rg8 19. Nf3 Bxf3 20. Rxf3 Rc7 21. a4 b6 22. a5 bxc5 23. bxc5 Rb8 24. Rff1 Rcb7 25. Rfb1 Rb3 26. a6 Qc7 27. Qe1 Rxd3 0-1


[Site "https://www.chess.com"]

[Event "Titled Tuesday Blitz February 28 Late 2023"]
[White "Ibarra Jerez, Jose Carlos"]
[Black "Roberson, Peter T"]
[WhiteFideId "2226332"]
[BlackFideId "412384"]
[WhiteElo "2638"]
[BlackElo "2346"]
[Result "1-0"]
[Round "03"]
[TimeControl "180+2"]
[Date "2023.02.28"]
[WhiteClock "0:01:37"]
[BlackClock "0:00:38"]

1. e4 c5 2. Nf3 e6 3. d4 cxd4 4. Nxd4 a6 5. c4 Nf6 6. Nc3 d6 7. Be2 b6 8. Be3 Bb7 9. f3 Nbd7 10. O-O Be7 11. Qd2 O-O 12. Rfc1 Rc8 13. a3 Qc7 14. b4 Qb8 15. Rc2 Bd8 16. Kh1 Bc7 17. Bg1 h5 18. Na4 Rfd8 19. Rb1 h4 20. Qc1 h3 21. c5 hxg2+ 22. Kxg2 dxc5 23. bxc5 bxc5 24. Nc6 Qa8 25. Ne7+ Kh8 26. Nxc8 Nxe4 27. Ncb6 Nxb6 28. Nxb6 Bxb6 29. Rxb6 Bd5 30. Rxa6 Qb7 31. Qf4 c4 32. Qh4+ 1-0


[Site "https://www.chess.com"]

[Event "Titled Tuesday Blitz February 28 Late 2023"]
[White "Remolar Gallen, Jose"]
[Black "Bernadskiy, Vitaliy"]
[WhiteFideId "2215187"]
[BlackFideId "14100371"]
[WhiteElo "2223"]
[BlackElo "2488"]
[Result "1-0"]
[Round "03"]
[TimeControl "180+2"]
[Date "2023.02.28"]
[WhiteClock "0:00:07"]
[BlackClock "0:00:41"]

1. e4 c5 2. Nf3 d6 3. d4 cxd4 4. Nxd4 a6 5. Nc3 e6 6. g3 Ne7 7. Bg2 Nec6 8. Nb3 Be7 9. O-O O-O 10. Qe2 Nd7 11. Be3 b5 12. Rad1 Bb7 13. f4 Qc7 14. Kh1 Rac8 15. Bg1 Rfe8 16. a3 Bf8 17. Rd2 Nb6 18. Nd1 Nc4 19. Rd3 a5 20. c3 Ba6 21. Nd4 b4 22. a4 Nb6 23. Nb5 Qb8 24. b3 bxc3 25. Rxc3 Na7 26. Rxc8 Rxc8 27. Qf2 Rc6 28. Nxa7 Qxa7 29. Re1 Qb8 30. Ne3 Nd7 31. e5 Bb7 32. f5 Nxe5 33. fxe6 fxe6 34. Rf1 Rc8 35. Nc4 Bxg2+ 36. Kxg2 Qb7+ 37. Kh3 Nxc4 38. bxc4 h6 39. Qe3 Qd7 40. Re1 e5+ 41. Kg2 Rxc4 42. Rd1 Rc2+ 43. Kf1 Qf5+ 44. Bf2 Qf6 45. Qb3+ Kh8 46. Qxc2 Qe6 47. Qd2 Be7 48. Qd5 Qf5 49. Kg1 Qg4 50. Qa8+ Kh7 51. Qd5 Qxa4 52. Re1 Qe8 53. Qe6 Qd8 54. Qf5+ Kh8 55. Rd1 a4 56. Qe6 Qf8 57. Be3 Qf3 58. Re1 Bf8 59. Qc8 Kh7 60. Qc2+ Kh8 61. Qxa4 d5 62. Qd1 Qf7 63. Bf2 e4 64. Bd4 Qe6 65. Qd2 Be7 66. Qe3 Bg5 67. Qf2 Qe7 68. h4 Bf6 69. Bxf6 gxf6 70. Qd4 Qd6 71. Kf2 Qe6 72. Kg2 Kg7 73. Rf1 h5 74. Re1 Kg6 75. Qe3 Qe5 76. Qf4 Qxf4 77. gxf4 Kf5 78. Kg3 d4 79. Rd1 d3 80. Rd2 Ke6 81. Kf2 Kd5 82. Ke3 f5 83. Rg2 Kc4 84. Rg8 Kc3 85. Rc8+ Kb2 86. Kd2 Kb3 87. Rc5 Kb4 88. Rxf5 Kc4 89. Rf8 Kd4 90. Rd8+ Kc5 91. Ke3 Kc6 92. Kxe4 Kc7 93. Rxd3 1-0


[Site "https://www.chess.com"]